TOP OF THE 1ST |
Waterbury Rough Riders batting - Pitching for Pittsfield Colonials : RHP Bob Stoddard
|
Pitching: RHP Bob Stoddard
|
|
Batting: RHB David Corman
|
0-0: Ball 1-0: Called Strike 1-1: Ball 2-1: SINGLE (Line Drive, 8LS, EV 111.3 MPH)
|
Batting: RHB Dave Wilder
|
0-0: Ball 1-0: Called Strike 1-1: Grounds into double play, 4-6-3 (Groundball, 4, EV 95.0 MPH)
|
Batting: RHB Billy Beane
|
0-0: Called Strike 0-1: SINGLE (Line Drive, 7LS, EV 101.3 MPH)
|
Batting: RHB john W Russell
|
0-0: Ball 1-0: Foul Ball, location: 2F 1-1: Ball 2-1: Ball 3-1: Swinging Strike 3-2: Fly out, F9 (Flyball, 9, EV 76.9 MPH)
|
Top of the 1st over - 0 runs, 2 hits, 0 errors, 1 left on base; Waterbury 0 - Pittsfield 0 |
BOTTOM OF THE 1ST |
Pittsfield Colonials batting - Pitching for Waterbury Rough Riders : RHP Mathew McArow
|
Pitching: RHP Mathew McArow
|
|
Batting: SHB Steve Scafa
|
0-0: Ball 1-0: Swinging Strike 1-1: Foul Ball, location: 2F 1-2: Ball 2-2: Ground out 6-3 (Groundball, 6, EV 107.5 MPH)
|
Batting: SHB Mitch Webster
|
0-0: Swinging Strike 0-1: Ball 1-1: Called Strike 1-2: SINGLE (Line Drive, 6M, EV 97.5 MPH)
|
Batting: RHB Shawon Dunston
|
0-0: Ball 1-0: Fielders Choice at 2nd, 4-6 (Groundball, 4, EV 100.6 MPH)
|
Batting: SHB Mark Gilbert
|
0-0: Ground out 4-3 (Groundball, 4, EV 89.4 MPH)
|
Bottom of the 1st over - 0 runs, 1 hit, 0 errors, 1 left on base; Waterbury 0 - Pittsfield 0 |
TOP OF THE 2ND |
Waterbury Rough Riders batting - Pitching for Pittsfield Colonials : RHP Bob Stoddard
|
Batting: LHB Mike Lebo
|
0-0: Foul Ball, location: 2F 0-1: Ball 1-1: Foul Ball, location: 2F 1-2: Fly out, F7 (Flyball, 78M, EV 79.4 MPH)
|
Batting: LHB David Blume
|
0-0: Ball 1-0: Foul Ball, location: 2F 1-1: Swinging Strike 1-2: Ball 2-2: Fly out, F9 (Flyball, 9, EV 88.8 MPH)
|
Batting: RHB Daniel Purpura
|
0-0: Ball 1-0: Ball 2-0: Ball 3-0: Base on Balls
|
Batting: RHB Jose Quiroz
|
0-0: Ball Daniel Purpura is caught stealing 2nd base 2-4
|
Top of the 2nd over - 0 runs, 0 hits, 0 errors, 0 left on base; Waterbury 0 - Pittsfield 0 |
BOTTOM OF THE 2ND |
Pittsfield Colonials batting - Pitching for Waterbury Rough Riders : RHP Mathew McArow
|
Batting: RHB Mike Brewer
|
0-0: Ball 1-0: Called Strike 1-1: Ball 2-1: Fly out, F9 (Flyball, 89S, EV 88.1 MPH)
|
Batting: SHB Felipe Gracia
|
0-0: Fly out, F8 (Line Drive, 8LM, EV 99.4 MPH)
|
Batting: RHB Steven Ramler
|
0-0: Called Strike 0-1: Ball 1-1: Ball 2-1: Swinging Strike 2-2: Strikes out swinging, 2-3 out at first.
|
Bottom of the 2nd over - 0 runs, 0 hits, 0 errors, 0 left on base; Waterbury 0 - Pittsfield 0 |
TOP OF THE 3RD |
Waterbury Rough Riders batting - Pitching for Pittsfield Colonials : RHP Bob Stoddard
|
Batting: RHB Jose Quiroz
|
0-0: Ball 1-0: Called Strike 1-1: Ball 2-1: Called Strike 2-2: Ground out U3 (Groundball, 3S, EV 75.6 MPH)
|
Batting: RHB Joseph Pocoroba
|
0-0: Ground out 6-3 (Groundball, 6M, EV 98.1 MPH)
|
Batting: RHB David Corman
|
0-0: Foul Ball, location: 2F 0-1: Ball 1-1: Foul Ball, location: 2F 1-2: Ground out 6-3 (Groundball, 6, EV 82.5 MPH)
|
Top of the 3rd over - 0 runs, 0 hits, 0 errors, 0 left on base; Waterbury 0 - Pittsfield 0 |
BOTTOM OF THE 3RD |
Pittsfield Colonials batting - Pitching for Waterbury Rough Riders : RHP Mathew McArow
|
Batting: SHB David Enos
|
0-0: Ground out 5-3 (Groundball, 5, EV 90.0 MPH)
|
Batting: RHB Juan Castro
|
0-0: Ground out 5-3 (Groundball, 56S, EV 88.1 MPH)
|
Batting: SHB Steve Scafa
|
0-0: Ball 1-0: Foul Ball, location: 2F 1-1: Foul Ball, location: 2F 1-2: Ball 2-2: Ball 3-2: DOUBLE (Line Drive, 7LS, EV 111.9 MPH)
|
Batting: SHB Mitch Webster
|
0-0: Ball 1-0: Foul Ball, location: 2F 1-1: Ball 2-1: Ball 3-1: Called Strike 3-2: Base on Balls
|
Batting: RHB Shawon Dunston
|
0-0: Called Strike 0-1: Ball 1-1: Foul Ball, location: 2F 1-2: Ground out U3 (Groundball, 34, EV 90.6 MPH)
|
Bottom of the 3rd over - 0 runs, 1 hit, 0 errors, 2 left on base; Waterbury 0 - Pittsfield 0 |
TOP OF THE 4TH |
Waterbury Rough Riders batting - Pitching for Pittsfield Colonials : RHP Bob Stoddard
|
Batting: RHB Dave Wilder
|
0-0: Fly out, F7 (Flyball, 7LS, EV 78.1 MPH)
|
Batting: RHB Billy Beane
|
0-0: Ball 1-0: SINGLE (Groundball, 4MS, EV 70.0 MPH) (infield hit)
|
Batting: RHB john W Russell
|
0-0: Ball 1-0: Foul Ball, location: 2F 1-1: Swinging Strike 1-2: Strikes out swinging
|
Batting: LHB Mike Lebo
|
0-0: Ball 1-0: Swinging Strike 1-1: Foul Ball, location: 2F 1-2: Ball 2-2: Foul Ball, location: 2F 2-2: Ball 3-2: Ground out 4-3 (Groundball, 4, EV 82.5 MPH)
|
Top of the 4th over - 0 runs, 1 hit, 0 errors, 1 left on base; Waterbury 0 - Pittsfield 0 |
BOTTOM OF THE 4TH |
Pittsfield Colonials batting - Pitching for Waterbury Rough Riders : RHP Mathew McArow
|
Batting: SHB Mark Gilbert
|
0-0: Ball 1-0: Called Strike 1-1: Ball 2-1: Foul Ball, location: 2F 2-2: Foul Ball, location: 2F 2-2: Foul Ball, location: 2F 2-2: Foul Ball, location: 2F 2-2: Foul Ball, location: 2F 2-2: Ground out U3 (Groundball, 13, EV 84.4 MPH)
|
Batting: RHB Mike Brewer
|
0-0: Swinging Strike 0-1: Foul Ball, location: 2F 0-2: Ball 1-2: Ball 2-2: Ball 3-2: Fly out, F9 (Flyball, 89S, EV 86.9 MPH)
|
Batting: SHB Felipe Gracia
|
0-0: Reached on error, E5 (Groundball, 56S, EV 81.9 MPH)
|
Batting: RHB Steven Ramler
|
0-0: Called Strike 0-1: Ball 1-1: Called Strike 1-2: Ball 2-2: Ball 3-2: Base on Balls
|
Batting: SHB David Enos
|
0-0: Called Strike 0-1: Called Strike 0-2: Ball 1-2: Ball 2-2: Ball 3-2: Strikes out swinging
|
Bottom of the 4th over - 0 runs, 0 hits, 1 error, 2 left on base; Waterbury 0 - Pittsfield 0 |
TOP OF THE 5TH |
Waterbury Rough Riders batting - Pitching for Pittsfield Colonials : RHP Bob Stoddard
|
Batting: LHB David Blume
|
0-0: Ball 1-0: Ball 2-0: Swinging Strike 2-1: Swinging Strike 2-2: Foul Ball, location: 2F 2-2: Strikes out swinging
|
Batting: RHB Daniel Purpura
|
0-0: Swinging Strike 0-1: Foul Ball, location: 2F 0-2: Ball 1-2: Ball 2-2: Fly out, F4 (Popup, 3S, EV 78.1 MPH)
|
Batting: RHB Jose Quiroz
|
0-0: Ball 1-0: Ball 2-0: Called Strike 2-1: Foul Ball, location: 2F 2-2: Strikes out swinging
|
Top of the 5th over - 0 runs, 0 hits, 0 errors, 0 left on base; Waterbury 0 - Pittsfield 0 |
BOTTOM OF THE 5TH |
Pittsfield Colonials batting - Pitching for Waterbury Rough Riders : RHP Mathew McArow
|
Batting: RHB Juan Castro
|
0-0: Fly out, F8 (Line Drive, 8LM, EV 96.3 MPH)
|
Batting: SHB Steve Scafa
|
0-0: Ball 1-0: Ball 2-0: Ball 3-0: Called Strike 3-1: Foul Ball, location: 2F 3-2: Foul Ball, location: 2F 3-2: Base on Balls
|
Batting: SHB Mitch Webster
|
0-0: Called Strike 0-1: Ball 1-1: Foul Ball, location: 2F 1-2: Foul Ball, location: 2F 1-2: Ball 2-2: Foul Ball, location: 2F 2-2: Ball 3-2: Base on Balls Steve Scafa to second
|
Batting: RHB Shawon Dunston
|
0-0: Fly out, F4 (Popup, 3S, EV 81.3 MPH)
|
Batting: SHB Mark Gilbert
|
0-0: Ball 1-0: Foul Ball, location: 2F 1-1: Ball 2-1: Foul Ball, location: 2F 2-2: Strikes out swinging
|
Bottom of the 5th over - 0 runs, 0 hits, 0 errors, 2 left on base; Waterbury 0 - Pittsfield 0 |
TOP OF THE 6TH |
Waterbury Rough Riders batting - Pitching for Pittsfield Colonials : RHP Bob Stoddard
|
Batting: RHB Joseph Pocoroba
|
0-0: TRIPLE (Flyball, 89XD, EV 100.0 MPH)
|
Batting: RHB David Corman
|
0-0: Ball 1-0: Ball 2-0: Ground out 1-3 (Groundball, P, EV 70.6 MPH)
|
Batting: RHB Dave Wilder
|
0-0: Called Strike 0-1: Ball 1-1: Ball 2-1: Swinging Strike 2-2: SINGLE (Line Drive, 4MD, EV 105.6 MPH) Joseph Pocoroba scores
|
Batting: RHB Billy Beane
|
0-0: Ball 1-0: Ground out 4-3 (Groundball, 4M, EV 110.0 MPH) Dave Wilder to second
|
Batting: RHB john W Russell
|
0-0: Ball 1-0: Ball 2-0: Fly out, F7 (Flyball, 78M, EV 80.0 MPH)
|
Top of the 6th over - 1 run, 2 hits, 0 errors, 1 left on base; Waterbury 1 - Pittsfield 0 |
BOTTOM OF THE 6TH |
Pittsfield Colonials batting - Pitching for Waterbury Rough Riders : RHP Mathew McArow
|
Batting: RHB Mike Brewer
|
0-0: Ball 1-0: Swinging Strike 1-1: Foul Ball, location: 2F 1-2: Ball 2-2: Ball 3-2: Base on Balls
|
Batting: SHB Felipe Gracia
|
0-0: Bunted foul 0-1: Ball 1-1: Bunted foul 1-2: Reached on error, E4 (Groundball, 34D, EV 86.9 MPH) Mike Brewer to second
|
Batting: RHB Steven Ramler
|
0-0: Ball 1-0: Fly out, F7 (Flyball, 7, EV 92.5 MPH)
|
Batting: SHB David Enos
|
0-0: SINGLE (Flyball, 6D, EV 89.4 MPH) Mike Brewer to third Felipe Gracia to second
|
Batting: RHB Juan Castro
|
0-0: Called Strike 0-1: Called Strike 0-2: Ball 1-2: Ball 2-2: DOUBLE (Groundball, 5L, EV 100.0 MPH) Mike Brewer scores Felipe Gracia scores David Enos to third
|
Batting: SHB Steve Scafa
|
0-0: Ball 1-0: Foul Ball, location: 2F 1-1: Ground out 4-3 (Groundball, 4S, EV 86.3 MPH)
|
Batting: SHB Mitch Webster
|
0-0: Called Strike 0-1: SINGLE (Line Drive, 9LS, EV 110.6 MPH) David Enos scores Juan Castro to third Runner from 3rd tries for Home, SAFE, throw by RF to home
|
Batting: RHB Shawon Dunston
|
0-0: Called Strike 0-1: Ball 1-1: Ball 2-1: Ball 3-1: Called Strike 3-2: Ground out 6-3 (Groundball, 6, EV 108.8 MPH)
|
Bottom of the 6th over - 4 runs, 3 hits, 1 error, 1 left on base; Waterbury 1 - Pittsfield 4 |
TOP OF THE 7TH |
Waterbury Rough Riders batting - Pitching for Pittsfield Colonials : RHP Bob Stoddard
|
Batting: LHB Mike Lebo
|
0-0: Called Strike 0-1: Called Strike 0-2: Ball 1-2: SINGLE (Flyball, 6MD, EV 88.1 MPH)
|
Batting: LHB David Blume
|
0-0: Swinging Strike 0-1: Swinging Strike 0-2: Ball 1-2: Strikes out looking
|
Batting: RHB Daniel Purpura
|
0-0: Ball 1-0: Grounds into double play, 6-4-3 (Groundball, 6, EV 100.0 MPH)
|
Top of the 7th over - 0 runs, 1 hit, 0 errors, 0 left on base; Waterbury 1 - Pittsfield 4 |
BOTTOM OF THE 7TH |
Pittsfield Colonials batting - Pitching for Waterbury Rough Riders : RHP Mathew McArow
|
Batting: SHB Mark Gilbert
|
0-0: Called Strike 0-1: Called Strike 0-2: Foul Ball, location: 2F 0-2: Fly out, F7 (Flyball, 78S, EV 86.9 MPH)
|
Batting: RHB Mike Brewer
|
0-0: Called Strike 0-1: Ball 1-1: Foul Ball, location: 2F 1-2: Foul Ball, location: 2F 1-2: Ball 2-2: Foul Ball, location: 2F 2-2: Strikes out swinging
|
Batting: SHB Felipe Gracia
|
0-0: Ball 1-0: Foul Ball, location: 2F 1-1: Swinging Strike 1-2: Strikes out swinging
|
Bottom of the 7th over - 0 runs, 0 hits, 0 errors, 0 left on base; Waterbury 1 - Pittsfield 4 |
TOP OF THE 8TH |
Waterbury Rough Riders batting - Pitching for Pittsfield Colonials : RHP Bob Stoddard
|
Batting: RHB Jose Quiroz
|
0-0: Ball 1-0: Fly out, F9 (Flyball, 89D, EV 100.6 MPH)
|
Batting: RHB Joseph Pocoroba
|
0-0: Called Strike 0-1: Swinging Strike 0-2: Ball 1-2: Ball 2-2: Strikes out swinging
|
Batting: RHB David Corman
|
0-0: Called Strike 0-1: Called Strike 0-2: Ball 1-2: Strikes out swinging
|
Top of the 8th over - 0 runs, 0 hits, 0 errors, 0 left on base; Waterbury 1 - Pittsfield 4 |
BOTTOM OF THE 8TH |
Pittsfield Colonials batting - Pitching for Waterbury Rough Riders : RHP Mathew McArow
|
Batting: RHB Steven Ramler
|
0-0: Foul Ball, location: 2F 0-1: Foul Ball, location: 2F 0-2: Ball 1-2: Strikes out swinging
|
Batting: SHB David Enos
|
0-0: Ground out 3-1 (Groundball, 34, EV 98.8 MPH)
|
Batting: RHB Juan Castro
|
0-0: Called Strike 0-1: Ball 1-1: Foul Ball, location: 2F 1-2: Ball 2-2: Strikes out swinging
|
Bottom of the 8th over - 0 runs, 0 hits, 0 errors, 0 left on base; Waterbury 1 - Pittsfield 4 |
TOP OF THE 9TH |
Waterbury Rough Riders batting - Pitching for Pittsfield Colonials : RHP Bob Stoddard
|
Batting: RHB Dave Wilder
|
0-0: Ball 1-0: Ball 2-0: Reached on error, E5 (Groundball, 56, EV 98.8 MPH)
|
Batting: RHB Billy Beane
|
0-0: Ball 1-0: Swinging Strike 1-1: Ball 2-1: Foul Ball, location: 2F 2-2: Fly out, F8 (Flyball, 8RXD, EV 103.1 MPH)
|
Batting: RHB john W Russell
|
0-0: Ball 1-0: Called Strike 1-1: Ball 2-1: Called Strike 2-2: Strikes out looking
|
Batting: LHB Mike Lebo
|
0-0: Fly out, F6 (Popup, 6, EV 69.4 MPH)
|
Top of the 9th over - 0 runs, 0 hits, 1 error, 1 left on base; Waterbury 1 - Pittsfield 4 |
|